 Dungeon Crawl Stone Soup version 0.15.2 (webtiles) character file.

2018 Huymann the Sneak (level 8, 0/63 HPs)
             Began as a Demigod Conjurer on Mar 14, 2015.
             Killed from afar by an orc wizard (10 damage)
             ... with a puff of flame
             ... on Level 8 of the Dungeon.
             The game lasted 01:08:31 (8436 turns).

Huymann the Sneak (Demigod Conjurer)                Turns: 8436, Time: 01:08:33

HP   0/63        AC  9     Str 12      XL: 8   Next: 72%
MP   2/21        EV 17     Int 20      God:
Gold 108         SH  0     Dex 20      Spells:  5 memorised,  2 levels left

rFire  . . .     SeeInvis .     f - +3 spear (pierce)
rCold  . . .     Clarity  .     v - +1 robe
rNeg   . . .     rCorr    .     (no shield)
rPois  +         rRot     .     J - +0 helmet (curse)
rElec  .         Spirit   .     (no cloak)
SustAb .         Warding  .     (no gloves)
rMut   .         Stasis   .     x - +1 pair of boots
Gourm  .                        (no amulet)
MR     .....                    C - ring of poison resistance
                                D - +3 ring of protection

@: very slightly contaminated, not resistant to hostile enchantments, fairly
stealthy
A: no striking features
a: no special abilities


You were on level 8 of the Dungeon.
You were not hungry.

You visited 1 branch of the dungeon, and saw 8 of its levels.

You collected 325 gold pieces.
You spent 217 gold pieces at shops.

Inventory:

Hand weapons
 f - a +3 spear of piercing (weapon)
 s - a +0 whip of flaming
 w - a +0 dagger
 y - a +0 cutlass of venom
Missiles
 E - 11 poisoned needles
Armour
 v - a +1 robe (worn)
 x - a +1 pair of boots (worn)
 G - a +0 helmet
 J - a cursed +0 helmet (worn)
Magical devices
 g - a wand of digging (5)
 u - a wand of draining (2)
Comestibles
 b - 4 bread rations
 i - 3 fruits
 m - 2 slices of pizza
 o - 3 meat rations
 K - a rotting chunk of jackal flesh
 M - a chunk of rat flesh
 N - 2 rotting chunks of quokka flesh
 O - 3 chunks of orc flesh
Scrolls
 e - 2 scrolls of teleportation
 j - 3 scrolls of amnesia
 A - 4 scrolls of remove curse
 I - 2 scrolls of blinking
 P - a scroll of identify
Jewellery
 t - an uncursed ring of protection from cold
 C - a ring of poison resistance (right hand)
 D - a +3 ring of protection (left hand)
Potions
 a - a potion of cancellation {unknown}
 d - 2 potions of restore abilities
 h - a potion of poison {unknown}
 k - 5 potions of agility
 n - 2 potions of curing
 p - a potion of heal wounds {unknown}
 q - a potion of cure mutation {unknown}
 r - 2 potions of beneficial mutation
 z - a potion of resistance {unknown}
 F - 2 potions of flight
 H - a potion of lignification
Books
 c - a book of Conjurations

   Spells                             Type                      Level
   *Magic Dart                        Conjuration                  1
   Searing Ray                        Conjuration                  2
   *Dazzling Spray                    Conjuration/Hexes            3
   Fulminant Prism                    Conjuration/Hexes            4
   *Iskenderun's Mystic Blast         Conjuration                  4
   Iskenderun's Battlesphere          Conjuration/Charms           5
 l - the Collected Works on Attacks and Venom
   (You found it on level 6 of the Dungeon)

   Spells                             Type                      Level
   *Sting                             Conjuration/Poison           1
   Cure Poison                        Poison                       2
   Venom Bolt                         Conjuration/Poison           5
   Iron Shot                          Conjuration/Earth            6
 B - Byfosagho's Volume of Contamination
   (You found it on level 4 of the Dungeon)

   Spells                             Type                      Level
   *Sting                             Conjuration/Poison           1
   Mephitic Cloud                     Conjuration/Poison/Air       3
   Spider Form                        Transmutation/Poison         3
   Olgreb's Toxic Radiance            Poison                       4
   Alistair's Intoxication            Transmutation/Poison         4
 L - a book of Frost

   Spells                             Type                      Level
   Freeze                             Ice                          1
   Throw Frost                        Conjuration/Ice              2
   Ozocubu's Armour                   Charms/Ice                   3
   *Throw Icicle                      Conjuration/Ice              4
   Summon Ice Beast                   Ice/Summoning                4
   Condensation Shield                Ice                          4


   Skills:
 * Level 3.2 Fighting
 + Level 0.1 Short Blades
 + Level 3.2 Polearms
 * Level 5.7 Dodging
 * Level 5.7 Stealth
 * Level 4.2 Spellcasting
 * Level 5.0 Conjurations
 + Level 1.5 Hexes
 * Level 0.5 Ice Magic
 + Level 0.1 Poison Magic
 + Level 0.4 Evocations


You had 2 spell levels left.
You knew the following spells:

 Your Spells              Type           Power        Failure   Level  Hunger
a - Magic Dart            Conj           ###.         1%          1    None
b - Dazzling Spray        Conj/Hex       ###.....     12%         3    ###....
c - Iskenderun's Mystic   Conj           ###.....     17%         4    ####...
d - Sting                 Conj/Pois      ##..         4%          1    None
e - Throw Icicle          Conj/Ice       ###.....     45%         4    ####...


Dungeon Overview and Level Annotations

Branches:
Dungeon (8/15)             Temple (0/1) D:4
   Lair: D:8-11

Shops:
D:4 *   D:6 ?

Annotations:
D:5 Prince Ribbit
D:7 Joseph


Message History

You hit the orc warrior.
The orc warrior is almost dead.
The orc warrior barely misses you.
The orc wizard hits you but does no damage.
You hit the orc warrior but do no damage.
The orc warrior is almost dead.
The orc warrior hits you with a halberd!
* * * LOW HITPOINT WARNING * * *
Casting: Dazzling Spray
Confirm with . or Enter, or press ? or * to list all spells.
Aiming: Dazzling Spray
Press: ? - help, Shift-Dir - straight line, f/p - orc warrior
Aim: an orc warrior, wielding a halberd and wearing a chain mail (almost dead, lightly drained)
The spray of energy hits the orc warrior.
You kill the orc warrior!
Your Conjurations skill increases to level 5!
The spray of energy misses the orc wizard.
The orc wizard points at you and mumbles some strange words.
The puff of flame hits you!
You die...

#..........'......
...........###.##.
.#+##+##'#...#.
#.....#.#...'...
#.....'.#.[.#.## .
+.....#.+...# #
....#+##'##+#...#
..............###
..........)@..+
.........o...#
...#+#...#+#...#
.. +...+ ...+
#...# ...# ##+##
####


You could see an orc wizard.

Vanquished Creatures
  Grinder (D:4)
  Eustachio (D:5)
  2 orc warriors
  2 sky beasts (D:6)
  2 centaurs (D:5)
  An ogre (D:6)
  A phantom (D:5)
  Blork the orc (D:7)
  A water moccasin zombie (D:6)
  2 scorpions
  A centaur zombie (D:5)
  3 iguanas
  A gnoll shaman (D:6)
  4 orc priests
  6 orc wizards
  A worker ant (D:7)
  Jessica (D:2)
  An adder (D:5)
  8 gnolls
  A shadow imp (D:5)
  2 giant mites
  6 worms
  An inept feature mimic (D:5)
  An adder skeleton (D:4)
  2 giant geckos
  2 oozes
  18 orcs
  11 bats
  A bat skeleton (D:4)
  8 giant cockroaches
  9 goblins
  10 hobgoblins
  10 jackals
  8 kobolds
  2 giant newts
  A kobold skeleton (D:5)
  An orc skeleton (D:4)
  6 quokkas
  7 rats
147 creatures vanquished.

Notes
Turn   | Place    | Note
--------------------------------------------------------------
     0 | D:1      | Huymann, the Demigod Conjurer, began the quest for the Orb.
     0 | D:1      | Reached XP level 1. HP: 14/14 MP: 3/3
   587 | D:1      | Reached XP level 2. HP: 19/22 MP: 1/4
  1125 | D:2      | Noticed Jessica
  1134 | D:2      | Killed Jessica
  1134 | D:2      | Reached skill level 4 in Conjurations
  1134 | D:2      | Reached XP level 3. HP: 17/27 MP: 8/8
  1443 | D:2      | Learned a level 3 spell: Dazzling Spray
  2171 | D:3      | Reached XP level 4. HP: 23/34 MP: 8/10
  2798 | D:3      | Reached skill level 1 in Polearms
  3429 | D:4      | Reached XP level 5. HP: 26/39 MP: 6/12
  3453 | D:4      | Noticed a phantom
  3644 | D:4      | Reached skill level 1 in Fighting
  3890 | D:3      | Learned a level 4 spell: Iskenderun's Mystic Blast
  3913 | D:4      | Identified Byfosagho's Volume of Contamination (You found it on level 4 of the Dungeon)
  4232 | D:4      | Found Muogar's Assorted Antiques.
  4253 | D:4      | Reached XP level 6. HP: 38/47 MP: 2/15
  4352 | D:4      | Bought a pair of runed boots for 139 gold pieces
  4396 | D:4      | Found a deep blue altar of Sif Muna.
  4703 | D:4      | Noticed Grinder
  4722 | D:4      | Killed Grinder
  4886 | D:4      | Found a staircase to the Ecumenical Temple.
  5199 | D:5      | Entered Level 5 of the Dungeon
  5380 | D:5      | Reached XP level 7. HP: 37/53 MP: 9/18
  5549 | D:5      | Learned a level 1 spell: Sting
  5571 | D:5      | Found a shattered altar of Ashenzari.
  5603 | D:5      | Found a staircase to the Ecumenical Temple.
  5609 | D:5      | the staircase to the Ecumenical Temple was a mimic.
  5630 | D:5      | Reached skill level 1 in Hexes
  5968 | D:5      | Noticed Prince Ribbit
  6117 | D:5      | Noticed Eustachio
  6143 | D:5      | Killed Eustachio
  6885 | D:6      | Reached skill level 5 in Dodging
  6885 | D:6      | Reached XP level 8. HP: 40/62 MP: 20/20
  6944 | D:6      | Reached skill level 5 in Stealth
  7013 | D:6      | Identified the Collected Works on Attacks and Venom (You found it on level 6 of the Dungeon)
  7150 | D:6      | Found Blianacama's Magic Scroll Emporium.
  7158 | D:6      | Bought a scroll of identify for 26 gold pieces
  7158 | D:6      | Bought a scroll of identify for 26 gold pieces
  7426 | D:6      | Found a radiant altar of Vehumet.
  7428 | D:6      | Found an iron altar of Okawaru.
  7540 | D:6      | Bought a scroll of identify for 26 gold pieces
  7689 | D:7      | Learned a level 4 spell: Throw Icicle
  7914 | D:7      | Found an ancient bone altar of Kikubaaqudgha.
  8104 | D:7      | Noticed Blork the orc
  8115 | D:7      | Killed Blork the orc
  8195 | D:7      | Noticed Joseph
  8436 | D:8      | Reached skill level 5 in Conjurations
  8436 | D:8      | Killed from afar by an orc wizard

Action                   |  1- 3 |  4- 6 |  7- 9 || total
-------------------------+-------+-------+-------++-------
Melee: Spear             |   165 |   151 |   219 ||   535
       Dagger            |     2 |     4 |       ||     6
       Whip              |       |     1 |       ||     1
 Cast: Magic Dart        |    38 |    26 |     7 ||    71
       Dazzling Spray    |     3 |    27 |    49 ||    79
       Sting             |       |       |     9 ||     9
Evoke: Wand              |       |     5 |     9 ||    14
  Use: Scroll            |    11 |     6 |     5 ||    22
 Stab: Sleeping          |     3 |     7 |     6 ||    16
       Invisible         |       |    14 |    13 ||    27
       Distracted        |       |     1 |       ||     1
  Eat: Chunk             |     5 |    13 |    15 ||    33
